AoeStats
← alexmavrovic

MegaRandom

508130910Analyzed
2v2 RM · 12d ago on Sep 21, 2026· 60m 14s· 4 players
Game mode
Random Map
Map size
Medium (4 player)
Population
200
Speed
Normal
Resources
Standard
Victory
Conquest
Starting age
Dark Age
Ending age
Imperial Age
RankedLock teamsTeams togetherTeam positionsShared explorationLock speedFull tech treeHidden civsTurbo modeCheats
Victory
Defeat
🇨🇦 Goths · Canada
1256
+14
🇨🇦 Mapuche · Canada
1175
+18
🇨🇴 Khitans · Colombia
1216
-16
🇨🇴 Malay · Colombia
1208
-16
(COLG) DON CHIMBO
2:44 Loom
11:57 Feudal Age
13:33 Feudal Age
13:37 Double-Bit Axe
15:35 Wheelbarrow
16:43 Fishing Lines
19:23 Castle Age
17:24 Gold Mining
19:56 Bow Saw
21:43 Husbandry
25:14 Scale Barding Armor
25:12 Horse Collar
26:11 Forging
27:00 Heavy Plow
27:56 Town Watch
29:47 Iron Casting
33:32 Imperial Age
31:18 Hand Cart
33:30 Gold Shaft Mining
32:45 Stone Mining
32:37 Man-at-Arms
33:18 Squires
33:03 Arson
33:38 Stone Mining
33:56 Town Patrol
35:00 Blast Furnace
33:28 Long Swordsman
35:31 Conscription
35:35 Forced Levy
37:23 Two-Handed Swordsman
39:45 Fletching
39:55 Padded Archer Armor
40:54 Crop Rotation
42:57 Caravan
43:16 Light Cavalry
46:04 Chemistry
44:45 Treadmill Crane
45:16 Masonry
45:01 Murder Holes
45:27 Ballistics
47:22 Bodkin Arrow
52:09 Gillnets
55:24 Siege Engineers
(COLG) LORD PETROVSKY
5:54 Loom
6:19 Loom
9:04 Feudal Age
9:50 Double-Bit Axe
20:33 Castle Age
18:37 Town Watch
20:05 Scale Barding Armor
21:20 Husbandry
30:30 Squires
32:07 Fletching
39:42 Imperial Age
47:06 Ballistics
alexmavrovic
8:00 Loom
10:16 Feudal Age
17:41 Castle Age
16:02 Fletching
16:16 Double-Bit Axe
18:22 Bodkin Arrow
22:46 Wheelbarrow
23:18 Pikeman
26:56 Scale Mail Armor
30:04 Chain Mail Armor
38:15 Imperial Age
36:54 Padded Archer Armor
37:39 Hand Cart
37:06 Horse Collar
38:27 Heavy Plow
38:39 Bow Saw
38:27 Halberdier
39:58 Malon
41:18 Crop Rotation
40:39 Gold Mining
41:05 Stone Mining
42:52 Gold Shaft Mining
43:08 Stone Shaft Mining
43:34 Plate Mail Armor
44:15 Leather Archer Armor
44:35 Conscription
45:35 Ballistics
46:16 Chemistry
46:23 Ring Archer Armor
46:50 Forging
49:01 Iron Casting
49:51 Town Watch
53:57 Blast Furnace
53:11 Masonry
54:10 Town Patrol
54:46 Architecture
54:52 Clinker Construction
54:55 Careening
54:59 Medium Warships
56:09 Heavy Warships
56:51 Carvel Hull
56:31 Arson
57:01 Butalmapu
57:06 Elite Kona
60:59 Siege Engineers
ap2wang
0:27 Loom
9:22 Feudal Age
20:44 Castle Age
19:14 Double-Bit Axe
22:41 Wheelbarrow
23:13 Bow Saw
23:10 Pikeman
31:10 Horse Collar
33:36 Heavy Plow
37:03 Imperial Age
34:38 Man-at-Arms
35:20 Scale Mail Armor
35:30 Forging
35:48 Long Swordsman
36:29 Squires
37:42 Chain Mail Armor
38:02 Iron Casting
37:21 Two-Handed Swordsman
38:04 Perfusion
38:11 Gold Mining
38:51 Champion
38:53 Halberdier
43:14 Blast Furnace
53:40 Medium Warships
55:20 Heavy Warships
56:23 Fletching
58:12 Spies/Treason
Connection lost

Rejoining the realm…

Still unreachable

The connection could not be restored.

Session expired

The server has moved on; the page needs a fresh start.